 Dungeon Crawl Stone Soup version 0.22.0-49-gab54619 (webtiles) character file.

16 Stendarr the Gusty (level 2, 0/15 HPs)
             Began as a Tengu Air Elementalist on Sept 8, 2018.
             Slain by an adder (2 damage)
             ... on level 2 of the Dungeon.
             The game lasted 00:05:14 (1141 turns).

Stendarr the Gusty (Tengu Air Elementalist)         Turns: 1141, Time: 00:05:14

Health: 0/15       AC:  2    Str:  8    XL:     2   Next: 58%
Magic:  10/15      EV: 13    Int: 15    God:
Gold:   51         SH:  0    Dex: 14    Spells: 4/5 levels left

rFire    . . .     SeeInvis .   i - +0 spear
rCold    . . .     Gourm    .   (no shield)
rNeg     . . .     Faith    .   a - +0 robe
rPois    .         Spirit   .   (helmet restricted)
rElec    .         Reflect  .   (no cloak)
rCorr    .         Harm     .   (no gloves)
MR       .....                  (boots unavailable)
Stlth    ++........             (no amulet)
HPRegen  0.05/turn              o - ring of magical power
MPRegen  0.14/turn              (no ring)

@: lethally poisoned (0 -> -10)
A: beak, talons 3
a: no special abilities


You were on level 2 of the Dungeon.
You were not hungry.

You visited 1 branch of the dungeon, and saw 2 of its levels.

You collected 51 gold pieces.

Inventory:

Hand Weapons
 h - a cursed -3 mace
 i - a +0 spear (weapon)
Armour
 a - a +0 robe (worn)
 g - a +1 ring mail of magic resistance
Jewellery
 o - a ring of magical power (left hand)
Scrolls
 e - a scroll of identify {unknown}
 m - a scroll of enchant armour {unknown}
 p - a scroll of enchant weapon {unknown}
Potions
 b - a potion of haste {unknown}
 d - 2 potions of curing {unknown}
 j - a potion of lignification {unknown}
 k - a potion of might {unknown}
 l - a potion of invisibility {unknown}
 n - a potion of mutation {unknown}
Comestibles
 c - 2 rations
 f - 3 chunks of flesh


   Skills:
 + Level 2.4 Dodging
 - Level 2.0 Stealth
 + Level 2.2 Spellcasting
 * Level 2.3 Conjurations
 + Level 4.2 Air Magic


You had 4 spell levels left.
You knew the following spells:

 Your Spells              Type           Power        Failure   Level  Hunger
a - Shock                 Conj/Air       ##..         5%          1    #......

Your spell library contained the following spells:

 Spells                   Type           Power        Failure   Level  Hunger
 Swiftness                Chrm/Air       #.......     14%         2    ###....
 Static Discharge         Conj/Air       ##......     17%         3    ###....
 Airstrike                Air            ##........   36%         4    #####..
 Lightning Bolt           Conj/Air       ##........   83%         5    ######.


Dungeon Overview and Level Annotations

Branches:
Dungeon (2/15)

Altars:
Kikubaaqudgha
Makhleb
Wu Jian
Xom
Yredelemnul


Innate Abilities, Weirdness & Mutations

You have a beak for a mouth.
You have claws for feet.


Message History

Confirm with . or Enter, or press ? or * to list all spells.
Aiming: Shock (safe; 5% risk of failure)
Press: ? - help, Shift-Dir - straight line The zap hits the adder.
The adder is almost dead.
The adder bites you.
You are poisoned.
The adder poisons you! The adder bites you.
* * * LOW HITPOINT WARNING * * *
You are more poisoned.
The adder poisons you!
Casting: Shock (safe; 5% risk of failure)
Confirm with . or Enter, or press ? or * to list all spells.
Aiming: Shock (safe; 5% risk of failure)
Press: ? - help, Shift-Dir - straight line The zap misses the adder.
The zap hits the ooze.
The ooze is heavily wounded.
* * * LOW HITPOINT WARNING * * *
You feel sick. The adder bites you.
You die...

## ... # ### ...# #.
#.. .....
####.##.######.J...#
............@S......
#####..###########.
#.<# #..# #..# #...
#.## #. #.


You could see an ooze and an adder.

Vanquished Creatures
  4 bats (D:1)
  A giant cockroach (D:1)
  2 hobgoblins (D:1)
  2 goblins (D:1)
  2 kobolds (D:1)
  6 rats
17 creatures vanquished.

Notes
Turn   | Place    | Note
-------+----------+-------------------------------------------
     0 | D:1      | Stendarr the Tengu Air Elementalist began the quest for the
                  | Orb.
     0 | D:1      | Reached XP level 1. HP: 10/10 MP: 4/4
   441 | D:1      | Reached XP level 2. HP: 15/15 MP: 4/6
  1040 | D:1      | Found an ancient bone altar of Kikubaaqudgha.
  1063 | D:1      | Found an ancient bone altar of Kikubaaqudgha.
  1063 | D:1      | Found a basalt altar of Yredelemnul.
  1065 | D:1      | Found a shimmering altar of Xom.
  1065 | D:1      | Found a burning altar of Makhleb.
  1065 | D:1      | Found an ornate altar of the Wu Jian Council.
  1141 | D:2      | Slain by an adder

Skill      XL: |  1 |
---------------+----+-----
Conjurations   | 2 |  2.3
Dodging        | |  2.4
Stealth        | |  2.0
Spellcasting   | |  2.2
Air Magic      | |  4.2

Action                   || total
-------------------------++-------
Melee: Unarmed           ||     2
       Spear             ||     3
       Kick              ||     1
 Cast: Shock             ||    32
  Eat: Chunk             ||     1
Armor: Robe              ||     5
Dodge: Dodged            ||     8
